 Dungeon Crawl Stone Soup version 0.29.1-14-g9c671dbff4 (webtiles) character file.

Game seed: 6002384432755714715

264 Sanktem7 the Trooper (level 5, -1/50 HPs)
             Began as a Minotaur Fighter on Feb 17, 2023.
             Slain by an ogre
             ... wielding a +0 giant club
              (25 damage)
             ... on level 4 of the Dungeon.
             The game lasted 00:04:18 (2666 turns).

Sanktem7 the Trooper (Minotaur Fighter)             Turns: 2666, Time: 00:04:19

Health: -1/50      AC:  8    Str: 23    XL:     5   Next: 98%
Magic:  4/4        EV:  9    Int:  5    God:
Gold:   244        SH:  4    Dex:  9    Spells: 4/4 levels left

rFire   . . .      SeeInvis .   a - +0 war axe {axe}
rCold   . . .      Faith    .   c - +0 buckler
rNeg    . . .      Spirit   .   b - +0 scale mail
rPois   .          Reflect  .   (helmet restricted)
rElec   .          Harm     .   (no cloak)
rCorr   .          Rampage  .   n - +0 pair of gloves
Will    .....                   (no boots)
Stlth   ..........              (no amulet)
HPRegen 0.16/turn               (no ring)
MPRegen 0.09/turn               (no ring)

@: no status effects
A: horns 2, retaliatory headbutt
a: no special abilities


You were on level 4 of the Dungeon.
You visited 1 branch of the dungeon, and saw 4 of its levels.

You collected 244 gold pieces.


Innate Abilities, Weirdness & Mutations

You have a pair of horns on your head.
You reflexively headbutt those who attack you in melee.


   Skills:
 * Level 5.8 Fighting
 * Level 5.1 Axes
 + Level 4.8 Armour
 - Level 3.6 Shields


You had 4 spell levels left.
You didn't know any spells.
Your spell library contained the following spells:

 Spells                   Type           Power      Damage    Failure   Level
 Static Discharge         Conj/Air       0%         3-3/arc   95%         2
 Ozocubu's Armour         Ice            0%         N/A       99%         3
 Stone Arrow              Conj/Erth      0%         3d7       99%         3
 Animate Armour           Summ/Erth      0%         N/A       100%        4
 Lightning Bolt           Conj/Air       0%         1d11      100%        5
 Metabolic Englaciation   Hex/Ice        0%         N/A       100%        5
 Simulacrum               Ice/Necr       0%         N/A       100%        6
 Lehudib's Crystal Spear  Conj/Erth      0%         10d2      100%        8
 Maxwell's Capacitive Co  Air            0%         ∞         100%        8

Inventory:

Hand Weapons
 a - a +0 war axe (weapon) {axe}
 u - a +1 dagger of venom {short}
   (You found it on level 4 of the Dungeon)
Missiles
 f - 64 stones (quivered) {throwing}
 o - 6 javelins {throwing}
 t - 3 boomerangs {throwing}
Armour
 b - a +0 scale mail (worn)
 c - a +0 buckler (worn)
 n - a +0 pair of gloves (worn)
   (You found it on level 2 of the Dungeon)
Scrolls
 i - 2 scrolls of fear
 l - a scroll of teleportation {@r4}
 m - a scroll of identify {@r1}
 q - a scroll of noise {unknown}
 s - a scroll of magic mapping {!r}
 v - 3 scrolls of brand weapon {unknown}
Potions
 d - 3 potions of might
 e - a potion of lignification {!q}
 g - a potion of degeneration {unknown}
 h - 2 potions of berserk rage {!q}
 j - a potion of magic {unknown}
 k - 4 potions of curing {unknown}
 p - 2 potions of brilliance {unknown}
 r - a potion of cancellation {unknown}
 w - a potion of attraction {unknown}

Dungeon Overview and Level Annotations

Branches:
Dungeon (4/15) Zot: 21285
 Temple: D:4-7

Altars:
Elyvilon

Shops:
D:1

( .....#
##..........##...#...
.....####..#.......###.###
#.#.......<.............#
................#...##....
>...........##..#...# .###
......>#............# .#
...#.....#...##.....#..#
#...####.....##.#.......
###...##..#.....@O..#.
###......#..#.#h.?#.#
###..#.##...##..# #
##.##.####.# #...
###..##.. #..# ..## #
##>..####.. #.... ...
###..### #.##?#... ###
....## .##.#.## ....# ..


You could see an ogre and a hound.


Message History

You slash the rat!
You kill the rat!
Your Axes skill increases to level 5!
There is a stone staircase leading down here.
You open the door.
There is an open door here.
Done exploring.
No target in view!
There is an open door here.
There is a stone staircase leading down here.
You climb downwards.
There is a stone staircase leading up here.
You drop a wand of iceblast (15).
As you read the scroll labelled TON SALECVOENK, it crumbles to dust.
It is a scroll of identify.
i - 2 scrolls of fear
As you read the scroll of identify {@r1}, it crumbles to dust.
l - a scroll of teleportation
As you read the scroll of identify {@r1}, it crumbles to dust.
s - a scroll of magic mapping
As you read the scroll of identify {@r1}, it crumbles to dust.
h - 2 potions of berserk rage
As you read the scroll of identify {@r1}, it crumbles to dust.
e - a potion of lignification An iguana comes into view.
The iguana hisses angrily.
An adder comes into view.
There are monsters nearby!
The adder hisses angrily.
You hit the iguana but do no damage.
The iguana bites you but does no damage.
You barely miss the iguana. You block the iguana's attack.
You hit the iguana. You miss the adder. The adder bites you but does no damage.
You block the iguana's attack. The adder bites you.
You are poisoned.
The adder poisons you! The iguana misses you. You furiously retaliate!
You headbutt the iguana. 😕 HP[-1]
You take 1 damage, and now have 49/50 hp.
You hit the iguana. Your headbutt misses the iguana. You barely miss the adder.
You feel sick. The adder bites you but does no damage.
The iguana bites you but does no damage.
The adder closely misses you. 😕 HP[-2]
You take 2 damage, and now have 47/50 hp.
You barely miss the iguana. Your headbutt misses the iguana.
You barely miss the adder.
You feel sick. You block the adder's attack.
You block the iguana's attack. 😕 HP[-1]
You take 1 damage, and now have 46/50 hp.
You barely miss the iguana. You barely miss the adder.
You feel sick.
You are no longer poisoned.
The adder closely misses you. You block the iguana's attack.
The adder misses you. 😕 HP[-1]
You take 1 damage, and now have 45/50 hp.
You hit the iguana but do no damage. You slash the adder!
The iguana bites you but does no damage.
The adder closely misses you. You furiously retaliate!
You headbutt the adder.
You kill the adder!
The iguana closely misses you.
You hit the iguana but do no damage. The iguana barely misses you. 😕 HP[+1]
You slash the iguana!
You kill the iguana!
You pick up a book of Winter and begin reading...
You add the spells Ozocubu's Armour, Metabolic Englaciation and Simulacrum to your library. 😎 HP[+4]
Your hp is fully restored (50).
Found an escape hatch in the ceiling.
You now have 225 gold pieces (gained 9).
Found a stone staircase leading down.
You now have 244 gold pieces (gained 19).
m - a scroll of identify {@r1}
Found a stone staircase leading down.
q - a scroll labelled HUFEOG VEARYMN
Found an escape hatch in the floor.
There is a stone staircase leading down here.
u - a +1 dagger of venom {short}
Found a stone staircase leading up.
v - 3 scrolls labelled ROFINE EWAA
w - a viscous purple potion
There is an escape hatch in the floor here.
An ogre comes into view. It is wielding a +0 giant club.
The ogre shouts!
An ogre is nearby!
A hound comes into view.
The ogre barely misses you.
You barely miss the ogre.
The ogre hits you with a +0 giant club!!
Ouch! That really hurt!
* * * LOW HITPOINT WARNING * * *
😨 HP[-27]
You take 27 damage, and now have 23/50 hp.
MASSIVE DAMAGE!! (PAUSE)
You barely miss the ogre. You headbutt the ogre! You block the ogre's attack.
You barely miss the ogre.
The ogre hits you with a +0 giant club!!
Ouch! That really hurt!
You die...

Skill      XL: |  1  2  3  4  5 |
---------------+----------------+-----
Fighting       | 4 5 |  5.8
Axes           | 3 4 5 |  5.1
Armour         | 4 |  4.8
Shields        | |  3.6

Action                   |  1- 3 |  4- 6 || total
-------------------------+-------+-------++-------
Melee: War axe           |    94 |    39 ||   133
       Headbutt          |     8 |     8 ||    16
  Use: Scroll            |       |     5 ||     5
Armor: Scale mail        |    42 |    18 ||    60
Dodge: Dodged            |    46 |    16 ||    62
Block: Buckler           |    27 |    14 ||    41

Levels and vault maps discovered:
D:1:      minmay_arrival_four_houses, layout_loops_corners, serial_shops, shop
D:2:      layout_basic
D:3:      kennysheep_six_static_rooms, layout_basic, elyvilon_altar_1,
          hellmonk_ecumenical_altar_watching_god, uniq_ijyb
D:4:      layout_rooms, minitemple

Notes
Turn   | Place    | Note
-------+----------+-------------------------------------------
     0 | D:1      | Sanktem7 the Minotaur Fighter began the quest for the Orb.
     0 | D:1      | Reached XP level 1. HP: 19/19 MP: 0/0
     0 | D:1      | magus.rc [v1.9.6]
   214 | D:1      | Reached XP level 2. HP: 27/27 MP: 1/1
   232 | D:1      | Reached skill level 4 in Fighting
   396 | D:1      | Reached skill level 3 in Axes
   419 | D:1      | Found Oli Jacw's Weapon Shop.
   565 | D:1      | You pick up a book of Lightning and begin reading...
   565 | D:1      | You add the spells Static Discharge, Lightning Bolt and
                  | Maxwell's Capacitive Coupling to your library.
  1187 | D:2      | Reached skill level 4 in Armour
  1187 | D:2      | Reached XP level 3. HP: 31/34 MP: 2/2
  1572 | D:3      | Found a white marble altar of Elyvilon.
  1810 | D:3      | Reached XP level 4. HP: 41/41 MP: 3/3
  1823 | D:3      | Noticed Ijyb
  1829 | D:3      | Killed Ijyb
  1830 | D:3      | Reached skill level 4 in Axes
  2096 | D:3      | Reached skill level 5 in Fighting
  2167 | D:3      | Noticed an eye of devastation
  2168 | D:3      | Found a faded altar of an unknown god.
  2175 | D:3      | Noticed an ogre
  2176 | D:3      | Noticed a great orb of eyes
  2176 | D:3      | Noticed a great orb of eyes
  2176 | D:3      | Noticed an eye of devastation
  2181 | D:3      | Killed an ogre
  2182 | D:3      | Reached XP level 5. HP: 28/50 MP: 4/4
  2461 | D:3      | You pick up a book of Armaments and begin reading...
  2461 | D:3      | You add the spells Stone Arrow, Animate Armour and
                  | Lehudib's Crystal Spear to your library.
  2481 | D:3      | Reached skill level 5 in Axes
  2575 | D:4      | You pick up a book of Winter and begin reading...
  2575 | D:4      | You add the spells Ozocubu's Armour, Metabolic Englaciation
                  | and Simulacrum to your library.
  2660 | D:4      | Noticed an ogre
  2666 | D:4      | Slain by an ogre

Vanquished Creatures
  An ogre (D:3)
  A hound (D:3)
  Ijyb (D:3)
  An iguana (D:4)
  4 adders
  A dart slug (D:3)
  An orc (D:3)
  4 endoplasms
  4 giant cockroaches
  3 goblins
  7 hobgoblins
  2 jackals (D:2)
  4 quokkas
  7 bats
  5 frilled lizards
  8 kobolds
  9 rats
63 creatures vanquished.

Table legend:
 A = Non-vault XP
 B = Vault XP
 C = Vault XP percentage of total XP
 D = Non-vault monster count
 E = Vault monster count
 F = Vault count percentage of total count
                 A         B        C        D         E       F
            +---------+---------+-------+---------+---------+-------
      Total |     283 |      95 |  25.1 |      56 |       7 |  11.1
            +---------+---------+-------+---------+---------+-------
        D:1 |      28 |       0 |   0.0 |      17 |       0 |   0.0
        D:2 |      34 |       0 |   0.0 |      15 |       0 |   0.0
        D:3 |     172 |      95 |  35.6 |      22 |       7 |  24.1
        D:4 |      49 |       0 |   0.0 |       2 |       0 |   0.0
            +---------+---------+-------+---------+---------+-------

Illustrated notes

Table legend:
 A = Kills in this place as a percentage of kills in entire the game.
 B = Kills by you in this place as a percentage of kills by you in the entire game.
 C = Kills by friends in this place as a percentage of kills by friends in the entire game.
 D = Other kills in this place as a percentage of other kills in the entire game.
 E = Experience gained in this place as a percentage of experience gained in the entire game.
 F = Experience gained in this place divided by the number of levels of this place that you have seen.
                   A       B       C       D       E      F
               +-------+-------+-------+-------+-------+----------------------
         Total | 100.0 | 100.0 |   N/A |   N/A | 100.0 |  94.5
       Dungeon | 100.0 | 100.0 |   N/A |   N/A | 100.0 |  94.5
               +-------+-------+-------+-------+-------+----------------------

Table legend: (Time is in decaauts)
 A = Elapsed time spent in this place.
 B = Non-inter-level travel time spent in this place.
 C = Inter-level travel time spent in this place.
 D = Time resting spent in this place.
 E = Time spent auto-exploring this place.
 F = Levels seen in this place.
 G = Mean time per level.
                   A        B        C        D        E       F      G
               +--------+--------+--------+--------+--------+-----+--------+
         Total |   2713 |   2656 |     57 |      0 |   2267 |   4 |  678.2 |
       Dungeon |   2713 |   2656 |     57 |      0 |   2267 |   4 |  678.2 |
               +--------+--------+--------+--------+--------+-----+--------+

Top non-repeatable levels by time:
     D:3: 1100 daAuts
     D:1: 905 daAuts
     D:2: 567 daAuts
     D:4: 140 daAuts
